 Dungeon Crawl Stone Soup version 0.28.0-45-g0d030f2227 (webtiles) character file.

Game seed: 5830082788494819520

71 nickcage the Firebug (level 4, -5/24 HPs)
             Began as a Deep Elf Fire Elementalist on Apr 13, 2022.
             Slain by Terence
             ... wielding a +2 vorpal morningstar
              (10 damage)
             ... on level 2 of the Dungeon.
             The game lasted 00:07:10 (2111 turns).

nickcage the Firebug (Deep Elf Fire Elementalist)   Turns: 2111, Time: 00:07:11

Health: -5/24      AC:  2    Str:  5    XL:     4   Next: 5%
Magic:  10/10      EV: 12    Int: 22    God:
Gold:   59         SH:  0    Dex: 15    Spells: 6/9 levels left

rFire   . . .      SeeInvis .   d - +0 short sword
rCold   . . .      Faith    .   (no shield)
rNeg    . . .      Spirit   .   a - +0 robe
rPois   .          Reflect  .   (no helmet)
rElec   .          Harm     .   (no cloak)
rCorr   .          Rampage  .   (no gloves)
Will    .....                   (no boots)
Stlth   ++........              (no amulet)
HPRegen 0.08/turn               (no ring)
MPRegen 0.12/turn               (no ring)

@: no status effects
A: no striking features
a: no special abilities


You were on level 2 of the Dungeon.
You visited 1 branch of the dungeon, and saw 2 of its levels.

You collected 59 gold pieces.

Inventory:

Hand Weapons
 d - a +0 short sword (weapon)
Armour
 a - a +0 robe (worn)
Scrolls
 c - a scroll of vulnerability {unknown}
 e - a scroll of fog {unknown}
 f - a scroll of noise {unknown}
Potions
 b - a potion of attraction {unknown}
 g - a potion of curing {unknown}
 h - a potion of heal wounds {unknown}
 i - a potion of brilliance {unknown}


   Skills:
 - Level 2.4 Dodging
 - Level 2.4 Stealth
 - Level 3.0 Spellcasting
 + Level 1.5 Conjurations
 + Level 5.3 Fire Magic


You had 6 spell levels left.
You knew the following spells:

 Your Spells              Type           Power      Damage    Failure   Level
a - Foxfire               Conj/Fire      72%        2x1d7     3%          1
b - Scorch                Fire           52%        2d8       1%          2

Your spell library contained the following spells:

 Spells                   Type           Power      Damage    Failure   Level
 Conjure Flame            Conj/Fire      18%        6-21      9%          3
 Apportation              Tloc           6%         N/A       12%         1
 Inner Flame              Hex/Fire       15%        N/A       12%         3
 Flame Wave               Conj/Fire      18%        2d6       30%         4
 Fireball                 Conj/Fire      9%         3d6       63%         5
 Alistair's Intoxication  Tmut/Pois      2%         N/A       98%         5
 Starburst                Conj/Fire      9%         6d5       99%         6
 Ignition                 Fire           13%        3d6       100%        8


Dungeon Overview and Level Annotations

Branches:
Dungeon (2/15)

Altars:

Annotations:
D:2 Terence


Message History

a +0 club; a +0 leather armour Terence is no longer more vulnerable to fire.
You see here an adder skeleton.
There is a stone staircase leading up here.
Terence says, "You're history."
You see here an adder skeleton.
Things that are here:
a +0 club; a +0 leather armour You see here an adder skeleton.
There is a stone staircase leading up here.
You see here an adder skeleton.
Things that are here:
a +0 club; a +0 leather armour Terence screams, "I'm going to kill you!"
You see here an adder skeleton.
There is a stone staircase leading up here.
You see here an adder skeleton.
Terence shouts, "DIE!!!"
Things that are here:
a +0 club; a +0 leather armour You see here an adder skeleton.
There is a stone staircase leading up here.
Terence bares his teeth.
You see here an adder skeleton.
Things that are here:
a +0 club; a +0 leather armour You see here an adder skeleton.
Terence screams, "I'm going to kill you!"
There is a stone staircase leading up here.
You climb upwards.
There is a stone staircase leading down here.
You start resting.
HP restored.
You climb downwards.
Level annotation: Terence Terence hits you with a +2 vorpal morningstar! x2
* * * LOW HITPOINT WARNING * * *
x2
There is a stone staircase leading up here.
Terence hits you with a +2 vorpal morningstar!
You die...

.. #.#.. . .. ##... $.. .
#..#### #..#.#. ###..#.. ....
...### ##....#.# ###....
...###..##.#.# ........
#.##..###...# .......#
##..).#####[###.## .......#
#..##@@............
.......####.########.#.#..#..
.......##...# #.#...##
###.####..### ..#..##
.........## .##...#
......#### # .... ..<..##
#.... .....# . .....#


You could see Terence.

Vanquished Creatures
  4 adders (D:2)
  4 ball pythons (D:1)
  2 endoplasms (D:2)
  A giant cockroach (D:1)
  6 goblins
  3 hobgoblins
  5 quokkas (D:1)
  2 bats (D:1)
  2 kobolds (D:1)
  3 rats (D:1)
32 creatures vanquished.

Vanquished Creatures (others)
  19 foxfires
19 creatures vanquished.

Grand Total: 51 creatures vanquished

Notes
Turn   | Place    | Note
-------+----------+-------------------------------------------
     0 | D:1      | nickcage the Deep Elf Fire Elementalist began the quest for
                  | the Orb.
     0 | D:1      | Reached XP level 1. HP: 10/10 MP: 6/6
   520 | D:1      | Reached XP level 2. HP: 15/15 MP: 5/8
   523 | D:1      | Learned a level 2 spell: Scorch
   666 | D:1      | Reached skill level 4 in Fire Magic
  1165 | D:1      | Found a faded altar of an unknown god.
  1165 | D:1      | Noticed a reaper
  1402 | D:2      | Reached XP level 3. HP: 19/19 MP: 1/9
  1491 | D:2      | Reached skill level 5 in Fire Magic
  1655 | D:2      | Reached XP level 4. HP: 24/24 MP: 5/10
  1718 | D:2      | Noticed Terence
  2111 | D:2      | Slain by Terence

Illustrated notes

Levels and vault maps discovered:
D:1:      dpeg_arrival_fog, layout_basic,
          dreamdust_ecumenical_altar_sealed_demon, st_stairs_3
D:2:      layout_rooms, serial_shops, nicolae_shop_hallway_plus,
          minmay_misc_feat_doors, uniq_terence

Skill      XL: |  1  2  3 |
---------------+----------+-----
Fire Magic     | 4 5 |  5.3
Dodging        | |  2.4
Stealth        | |  2.4
Spellcasting   | |  3.0
Conjurations   | |  1.5

Action                   |  1- 3 |  4- 6 || total
-------------------------+-------+-------++-------
Melee: Short sword       |     8 |     1 ||     9
       Unarmed           |     1 |       ||     1
 Cast: Foxfire           |    12 |       ||    12
       Scorch            |    26 |     7 ||    33
Armor: Robe              |     6 |     1 ||     7
Dodge: Dodged            |    13 |     3 ||    16
